 Dungeon Crawl Stone Soup version 0.27.1 (webtiles) character file.

Game seed: 6369464584532012657

6129 greenlake the Commander (level 10, 0/71 (80) HPs)
             Began as a Demonspawn Gladiator on Aug 31, 2021.
             Was a High Priest of Okawaru.
             Slain by a shadow (9 damage)
             ... on level 12 of the Dungeon.
             The game lasted 00:38:02 (11084 turns).

greenlake the Commander (Demonspawn Gladiator)     Turns: 11084, Time: 00:38:03

HP:   0/71 (80)     AC: 14    Str: 16    XL:     10   Next: 59%
MP:   0/17          EV: 12    Int: 10    God:    Okawaru [*****.]
Gold: 545           SH:  0    Dex: 16    Spells: 12/15 levels left

rFire    . . .     SeeInvis .   J - +2 spear (flame)
rCold    . . .     Faith    .   (no shield)
rNeg     . . .     Spirit   +   z - +0 troll leather armour {Purgy}
rPois    .         Reflect  .   c - +0 helmet
rElec    .         Harm     .   (no cloak)
rCorr    +         Rampage  .   K - +0 pair of gloves {Stlth+}
Will     .....                  (no boots)
Stlth    ++........             G - amulet of magic regeneration
HPRegen  1.21/turn              E - ring of resist corrosion
MPRegen  0.55/turn              (no ring)

@: sanguine armoured, heavily drained
A: hooves 2, foul stench 1, magic shield, magic regeneration, magic link,
sanguine armour 1
a: Renounce Religion, Heroism, Finesse


You were on level 12 of the Dungeon.
You worshipped Okawaru.
Okawaru was extremely pleased with you.
You visited 1 branch of the dungeon, and saw 12 of its levels.
You also visited: Sewer.

You collected 545 gold pieces.

Inventory:

Hand Weapons
 a - a +0 trident
 f - a +2 dagger of venom
 n - a +1 flail of holy wrath
 y - a +2 dagger of electrocution
 A - a +0 dire flail
 J - a +2 spear of flaming (weapon)
Missiles
 b - 10 curare-tipped darts
 d - a throwing net
 i - 57 poisoned darts (quivered)
Armour
 c - a +0 helmet (worn)
 z - a +0 troll leather armour (worn) {Purgy}
 D - a +0 kite shield
 H - a +0 buckler
 K - a +0 pair of gloves of stealth (worn)
Jewellery
 E - a ring of resist corrosion (left hand)
 G - an amulet of magic regeneration (around neck)
Wands
 q - a wand of flame (30)
 I - a wand of iceblast (10)
 N - a wand of digging (7)
 R - a wand of acid (8)
Scrolls
 e - 3 scrolls of blinking {unknown}
 g - 8 scrolls of identify {unknown}
 j - 2 scrolls of fog {unknown}
 l - 2 scrolls of noise {unknown}
 m - 3 scrolls of teleportation {unknown}
 r - a scroll of vulnerability {unknown}
 w - a scroll of immolation {unknown}
 x - a scroll of summoning {unknown}
 C - a scroll of holy word {unknown}
 F - a scroll of acquirement {unknown}
 M - a scroll of magic mapping {unknown}
 O - a scroll of enchant armour {unknown}
 Q - a scroll of silence {unknown}
Potions
 h - 3 potions of magic
 k - a potion of degeneration {unknown}
 o - 6 potions of curing
 p - 2 potions of attraction {unknown}
 s - a potion of haste {unknown}
 t - a potion of lignification {unknown}
 u - a potion of mutation {unknown}
 v - a potion of resistance
 B - a potion of brilliance {unknown}
 L - a potion of heal wounds {unknown}
 P - a potion of berserk rage {unknown}
 S - a potion of flight {unknown}


   Skills:
 - Level 8.0 Fighting
 - Level 2.0(3.7) Axes
 - Level 4.8(5.0) Polearms
 - Level 1.7 Throwing
 - Level 8.1 Armour
 - Level 2.6 Dodging
 + Level 3.4 Spellcasting
 + Level 1.1 Translocations
 - Level 10.0 Invocations
 + Level 3.7 Evocations


You had 12 spell levels left.
You knew the following spells:

 Your Spells              Type           Power      Damage    Failure   Level
a - Gell's Gravitas       Tloc           2%         N/A       52%         3

Your spell library contained the following spells:

 Spells                   Type           Power      Damage    Failure   Level
 Summon Small Mammal      Summ           4%         N/A       32%         1
 Slow                     Hex            1%         N/A       43%         2
 Teleport Other           Tloc           4%         N/A       52%         3
 Portal Projectile        Hex/Tloc       4%         N/A       58%         3
 Call Canine Familiar     Summ           1%         N/A       67%         3
 Confusing Touch          Hex            1%         N/A       67%         3
 Summon Guardian Golem    Hex/Summ       1%         N/A       67%         3
 Leda's Liquefaction      Hex/Erth       0%         N/A       97%         4
 Blade Hands              Tmut           0%         N/A       100%        5
 Excruciating Wounds      Necr           0%         N/A       100%        5
 Yara's Violent Unravell  Hex/Tmut       0%         3d3       100%        5
 Dispersal                Tloc           2%         N/A       100%        6


Dungeon Overview and Level Annotations

Branches:
Dungeon (12/15)            Temple (0/1) D:5           Sewer (visited)
   Lair: D:8-11         Orc: D:9-12

Altars:
Cheibriados
Elyvilon
Gozag
Nemelex Xobeh
Okawaru
Vehumet
Wu Jian

Shops:
D:9 :

Annotations:
D:3 Grinder
D:4 1 runed translucent door, ZARRMARR's ghost, amateur DrTm
D:6 Menkaure
D:7 exclusion: statue
D:10 3 runed translucent doors
D:11 Josephine


Innate Abilities, Weirdness & Mutations

You have hoof-like feet.
You may rarely emit foul miasma when damaged in melee.
When hurt, damage is shared between your health and your magic reserves.
You regenerate magic rapidly.
When low on magic, you restore magic in place of health.
When seriously injured, your bleeding wounds create armour. (AC +6)


Message History

There is an escape hatch in the floor here.
Josephine casts a spell at you.
The ghostly flame explodes!
The ghostly fireball engulfs you!
You feel drained.
You slide downwards.
The hatch slams shut behind you.
Reactivating autopickup.
The acid dragon roars!
The slime creature quivers.
A wraith comes into view.
The acid dragon spits acid at you. The splash of acid hits you. You resist.
You are splashed with acid.
You resist.
The two-headed ogre hits you with a +0 giant club!!
The two-headed ogre hits you with a +0 giant club.
* * * LOW HITPOINT WARNING * * *
You hear an angry buzzing noise. x2
The acid dragon spits acid at you. The splash of acid misses you.
The shadow slips into darkness.
The shadow flickers and vanishes!
Deactivating autopickup; reactivate with Ctrl-A.
You hear an angry buzzing noise.
Found a potion of magic.
A gargoyle comes into view. It is wielding a +0 mace.
The gargoyle moves out of view.
Found a scroll labelled JELERA WEMECRI and 18 gold pieces.
The shadow strikes at you from the darkness!
* * * LOW HITPOINT WARNING * * *
Reactivating autopickup.
Found a stone staircase leading down.
The gargoyle hits you with a +0 mace!
* * * LOW HITPOINT WARNING * * *
Found a scroll labelled TIOREWUTHRE.
The gargoyle barely misses you.
The shadow slips into darkness.
The shadow flickers and vanishes!
Deactivating autopickup; reactivate with Ctrl-A.
Found 18 gold pieces.
There is a stone staircase leading down here.
The gargoyle hits you with a +0 mace!
* * * LOW HITPOINT WARNING * * *
The shadow strikes at you from the darkness!
You die...

### #$##
#..# #.. #..
##.# #?.##
#.@.####
##9....#####
##.?.....$.
##O.......
#.....###
##W.####
##.### ##.##
##W##


You could see a two-headed ogre, a wraith and a gargoyle.

Vanquished Creatures
  2 two-headed ogres
  Joseph (D:7)
  A troll (D:10)
  3 slime creatures (D:7)
  A wraith (D:10)
  Eustachio (D:4)
  5 yaks (D:10)
  2 water moccasins
  Purgy (Sewer)
  An orc warrior (D:8)
  An ogre (D:6)
  3 centaurs
  6 kobold brigands
  2 bullfrogs
  2 scorpions
  A wyvern skeleton (D:6)
  2 water moccasin skeletons
  6 killer bees (D:8)
  A wight (D:8)
  2 howler monkeys (D:9)
  4 centaur zombies
  4 hounds
  2 orc priests (D:9)
  5 jellies
  A bullfrog skeleton (D:4)
  An iguana (D:4)
  4 orc wizards
  4 howler monkey zombies
  8 adders
  A river rat (D:5)
  2 white imps
  An ufetubus (D:4)
  An adder skeleton (D:4)
  An adder zombie (D:5)
  2 worms
  5 dart slugs
  18 orcs
  8 ball pythons
  9 endoplasms
  2 giant cockroaches
  4 goblins
  4 hobgoblins
  6 jackals
  26 kobolds
  3 quokkas
  A bat (D:2)
  3 frilled lizards
  A quokka skeleton (D:4)
  11 rats
186 creatures vanquished.

Vanquished Creatures (others)
  A centaur zombie (D:8)
  A killer bee zombie (D:8)
  6 fungi (D:7)
  5 toadstools (D:7)
  2 withered plants (D:4)
15 creatures vanquished.

Grand Total: 201 creatures vanquished

Notes
Turn   | Place    | Note
-------+----------+-------------------------------------------
     0 | D:1      | greenlake the Demonspawn Gladiator began the quest for the
                  | Orb.
     0 | D:1      | Reached XP level 1. HP: 16/16 MP: 1/1
   546 | D:1      | Reached skill level 1 in Axes
   546 | D:1      | Gained mutation: You have large cloven feet. [demonic
                  | ancestry]
   546 | D:1      | Reached XP level 2. HP: 12/22 MP: 2/2
   848 | D:1      | Found a faded altar of an unknown god.
   873 | D:1      | Became a worshipper of Warmaster Okawaru
   873 | D:1      | Reached * piety under Okawaru
  1129 | D:1      | Reached skill level 1 in Armour
  1388 | D:1      | Gained mutation: You regenerate magic rapidly. [demonic
                  | ancestry]
  1388 | D:1      | Reached XP level 3. HP: 28/28 MP: 3/3
  1708 | D:2      | Found a snail-covered altar of Cheibriados.
  2245 | D:3      | Noticed an ice beast
  2809 | D:3      | Reached skill level 1 in Invocations
  2809 | D:3      | Gained mutation: When hurt, damage is shared between your
                  | health and your magic reserves. [demonic ancestry]
  2809 | D:3      | Reached XP level 4. HP: 33/34 MP: 4/4
  3601 | D:4      | Noticed Eustachio
  3658 | D:4      | Noticed a centaur
  3695 | D:4      | Reached skill level 2 in Invocations
  3716 | D:4      | Gained mutation: You have hoof-like feet. [demonic
                  | ancestry]
  3716 | D:4      | Reached XP level 5. HP: 28/41 MP: 6/6
  3788 | D:4      | Noticed Grinder
  3985 | D:4      | Paralysed by Grinder for 4 turns
  4206 | D:4      | Reached ** piety under Okawaru
  4469 | D:4      | Killed a centaur
  4470 | D:4      | Reached skill level 3 in Invocations
  4683 | D:4      | Killed Eustachio
  4684 | D:4      | Reached skill level 4 in Invocations
  4684 | D:4      | Reached XP level 6. HP: 9/48 MP: 5/9
  5484 | D:4      | Found a runed translucent door.
  5486 | D:4      | Noticed ZARRMARR's ghost (amateur DrTm)
  5916 | D:5      | Entered Level 5 of the Dungeon
  5916 | D:5      | Found an iron altar of Okawaru.
  5998 | D:5      | Reached XP level 7. HP: 44/55 MP: 8/10
  6136 | D:5      | Noticed a two-headed ogre
  6143 | D:6      | Found a sparkling altar of Nemelex Xobeh.
  6174 | D:6      | Reached *** piety under Okawaru
  6226 | D:6      | Reached skill level 5 in Invocations
  6516 | D:6      | Noticed Menkaure
  6557 | D:5      | Found a staircase to the Ecumenical Temple.
  6608 | D:5      | Found a glowing drain.
  6634 | Sewer    | Entered a sewer
  6830 | Sewer    | Noticed Purgy
  6841 | Sewer    | Killed Purgy
  6842 | Sewer    | Reached skill level 5 in Fighting
  7255 | D:5      | Killed a two-headed ogre
  7255 | D:5      | Reached **** piety under Okawaru
  7255 | D:5      | Received a gift from Okawaru
  7256 | D:5      | Reached skill level 5 in Armour
  7256 | D:5      | Reached skill level 7 in Invocations
  7256 | D:5      | Gained mutation: You may rarely emit foul miasma when
                  | damaged in melee. [demonic ancestry]
  7256 | D:5      | Reached XP level 8. HP: 24/64 MP: 3/13
  7632 | D:6      | Reached skill level 8 in Invocations
  7668 | D:7      | Reached ***** piety under Okawaru
  7821 | D:7      | Gained mutation: When seriously injured, your bleeding
                  | wounds create armour. (AC +6) [demonic ancestry]
  7821 | D:7      | Reached XP level 9. HP: 48/71 MP: 8/15
  7881 | D:7      | Found an opulent altar of Gozag.
  7921 | D:7      | Noticed Joseph
  7935 | D:7      | Killed Joseph
  8067 | D:7      | Found a radiant altar of Vehumet.
  8224 | D:7      | Reached skill level 9 in Invocations
  8321 | D:7      | Identified the +1 scale mail "Put-Me-On" {+Blink Str-3
                  | Dex+8} (Okawaru gifted it to you on level 7 of the Dungeon)
  8321 | D:7      | Received a gift from Okawaru
  8754 | D:8      | Reached skill level 10 in Invocations
  9119 | D:8      | Identified the +4 scythe of Lownoyr {holy, Str+4}
  9119 | D:8      | Noticed a centaur warrior
  9202 | D:9      | Found Ekkauv's Book Shop.
  9330 | D:9      | Noticed a two-headed ogre
  9339 | D:9      | Gained mutation: When low on magic, you restore magic in
                  | place of health. [demonic ancestry]
  9339 | D:9      | Reached XP level 10. HP: 67/80 MP: 6/17
  9361 | D:9      | Killed a two-headed ogre
  9676 | D:9      | Reached skill level 1 in Spellcasting
  9676 | D:9      | Reached skill level 1 in Evocations
 10020 | D:9      | Found an ornate altar of the Wu Jian Council.
 10127 | D:10     | Entered Level 10 of the Dungeon
 10481 | D:10     | Noticed a gargoyle
 10560 | D:8      | Learned a level 3 spell: Gell's Gravitas
 10740 | D:10     | Reached skill level 1 in Translocations
 10845 | D:10     | Found a runed translucent gate.
 10845 | D:10     | Found a runed translucent gate.
 10845 | D:10     | Found a runed translucent gate.
 10846 | D:10     | Noticed a red very ugly thing
 10846 | D:10     | Noticed a green ugly thing
 11043 | D:11     | Noticed Josephine
 11058 | D:12     | Noticed a two-headed ogre
 11075 | D:12     | Noticed a gargoyle
 11084 | D:12     | Slain by a shadow

Illustrated notes

Levels and vault maps discovered:
D:1:      tarquinn_simple_flora_water_b, layout_basic,
          shapermc_ecumenical_altar_starsandcircs,
          hangedman_abyss_or_decor_lesser_grid
D:2:      layout_loops_ring, basic_altar
D:3:      layout_basic
D:4:      layout_gridville, gammafunk_ghost_grave, minmay_unequal,
          uniq_eustachio, uniq_grinder
D:5:      layout_basic, elyvilon_altar_3, okawaru_metal_pillars_1_2,
          minmay_temple_entry_glass, portal_sewer_entry_c
D:6:      layout_rooms, nemelex_xobeh_ov_fountains_minmay, marbit_many_paths,
          uniq_menkaure
D:7:      cheibrodos_fertilizer, layout_basic, vehumet_statue,
          lemuel_coloured_pillars_altar, uniq_joseph
D:8:      layout_loops_cross, minmay_pinched_square
D:9:      layout_basic, pdpol_wu_jian_five_deadly_venoms, serial_shops,
          nicolae_shop_waterfront, chequers_serial_rivers_micro_a, st_stairs_7
D:10:     layout_irregular_city, lemuel_round_altar,
          ploomutoo_gammafunk_ghost_potion_laboratory
D:11:     layout_rooms, lair_entry_dummy, david_orc_4, uniq_josephine,
          uniq_erolcha
D:12:     cheibrodos_helix_gallery, layout_layer_cave, uniq_rupert

Skill      XL: |  1  2  3  4  5  6  7  8  9 10 |
---------------+-------------------------------+-----
Axes           | 1 2 |  2.0
Armour         | 1 2 3 5 7 8 |  8.1
Invocations    | 1 2 4 7 8 10 | 10.0
Fighting       | 3 4 6 8 |  8.0
Polearms       | 4 |  4.8
Spellcasting   | 3 |  3.4
Evocations     | 3 |  3.7
Translocations | 1 |  1.1
Throwing       | |  1.7
Dodging        | |  2.6

Action                   |  1- 3 |  4- 6 |  7- 9 | 10-12 || total
-------------------------+-------+-------+-------+-------++-------
Melee: Trident           |    12 |       |       |       ||    12
       Dagger            |   103 |   126 |   319 |    10 ||   558
       Kick              |    27 |    36 |   119 |    70 ||   252
       Punch             |       |       |     1 |       ||     1
       Spear             |       |       |       |   150 ||   150
Throw: Throwing net      |     2 |       |       |       ||     2
       Dart              |       |     3 |     6 |       ||     9
Invok: Heroism           |       |       |     2 |       ||     2
       Finesse           |       |       |     1 |       ||     1
  Use: Potion            |     1 |       |       |     2 ||     3
 Stab: Sleeping          |     1 |       |     4 |       ||     5
Armor: Leather armour    |    29 |    38 |    14 |       ||    81
       Troll leather arm |       |       |    91 |    61 ||   152
Dodge: Dodged            |    58 |    82 |   186 |   105 ||   431
